 Dungeon Sprint DCSS version 0.27-a0-1322-gfdffb62a71 (webtiles) character file.

Game seed: 13844708725564601632

948 mhtbhm the Slicer (level 7, -1/42 HPs)
             Began as a Spriggan Monk on June 22, 2021.
             Was a Believer of Yredelemnul.
             Slain by a gnoll sergeant (2 damage)
             ... in the Dungeon (Sprint IX: "|||||||||||||||||||||||||||||").
             The game lasted 00:01:46 (567 turns).

mhtbhm the Slicer (Spriggan Monk)                    Turns: 567, Time: 00:01:47

Health: -1/42      AC:  4    Str:  9    XL:     7   Next: 89%
Magic:  7/10       EV: 28    Int: 11    God:    Yredelemnul [**....]
Gold:   0          SH:  0    Dex: 18    Spells: 6/6 levels left

rFire    . . .     SeeInvis +   a - +2 rapier (venom)
rCold    . . .     Faith    .   (shield restricted)
rNeg     . . .     Spirit   .   b - +0 robe
rPois    .         Reflect  .   (helmet restricted)
rElec    .         Harm     .   (no cloak)
rCorr    .         Rampage  .   (gloves unavailable)
Will     +....     NoTele   +   (boots unavailable)
Stlth    ++++......             (no amulet)
HPRegen  0.14/turn              l - +2 ring of evasion
MPRegen  0.12/turn              k - +2 ring of protection

@: very quick
A: very small, no large weapons, unfitting armour, see invisible, speed 3
a: Renounce Religion, Animate Remains, Recall Undead Slaves, Injury Mirror


You were in the Dungeon.
You worshipped Yredelemnul.
Yredelemnul was pleased with you.
You visited 1 branch

Inventory:

Hand Weapons
 a - a +2 rapier of venom (weapon)
Armour
 b - a +0 robe (worn)
Jewellery
 k - a +2 ring of protection (right hand)
 l - a +2 ring of evasion (left hand)
Wands
 j - a wand of iceblast (8)
Scrolls
 h - 2 scrolls of blinking
 i - 2 scrolls of amnesia
Potions
 c - 5 potions of curing
 d - 2 potions of heal wounds
 e - a potion of haste
 f - 4 potions of magic
 g - a potion of invisibility


   Skills:
 + Level 7.7 Fighting
 + Level 12.2 Short Blades
 + Level 11.8 Dodging
 + Level 7.3 Stealth
 + Level 2.7 Invocations
 + Level 1.1 Evocations


You had 6 spell levels left.
You didn't know any spells.
Your spell library was empty.

Dungeon Overview and Level Annotations

Branches:
Dungeon (1/1)

Altars:
Cheibriados
Dithmenos
Elyvilon
Fedhas
Gozag
Hepliaklqana
Kikubaaqudgha
Makhleb
Nemelex Xobeh
Okawaru
Qazlal
Ru
Sif Muna
Trog
Uskayaw
Vehumet
Wu Jian
Xom
Yredelemnul
Zin
The Shining One
Beogh
Jiyva
Lugonu


Innate Abilities, Weirdness & Mutations

You are very small and have problems with some larger weapons.
You are too small for most types of armour.
You have supernaturally acute eyesight. (SInv)
You cover ground extremely quickly. (Speed+++)


Message History

Your Stealth skill gained 2 levels and is now at level 7!
Your Invocations skill gained 2 levels and is now at level 2!
Your Evocations skill increases to level 1!
You have reached level 7!
Unknown command.
You closely miss the unseen horror.
The unseen horror is severely wounded.
The unseen horror completely misses you.
Unknown command.
You hit the unseen horror but do no damage.
The unseen horror is poisoned.
The unseen horror is severely wounded.
The unseen horror misses you. The unseen horror hits you.
* * * LOW HITPOINT WARNING * * *
Unknown command.
You feel much better. The unseen horror barely misses you.
The unseen horror misses you.
You hit the unseen horror.
The unseen horror is almost dead.
The unseen horror closely misses you. The unseen horror hits you!
The gnoll sergeant hits you from afar with a +2 trident of freezing.
The gnoll sergeant freezes you.
You closely miss the unseen horror.
The unseen horror is almost dead.
The unseen horror closely misses you.
Unknown command.
You hit the unseen horror but do no damage.
The unseen horror looks as sick as possible!
The unseen horror is almost dead.
The unseen horror barely misses you. The gnoll sergeant misses you.
You hit the unseen horror but do no damage.
The unseen horror is almost dead.
The unseen horror hits you but does no damage.
The unseen horror hits you!
* * * LOW HITPOINT WARNING * * *
The gnoll sergeant hits you from afar with a +2 trident of freezing!
* * * LOW HITPOINT WARNING * * *
The gnoll sergeant freezes you.
You die...
Your body rises from the dead as a mindless zombie.

▓.▓
▓.▓
▓.▓
▓c▓
▓x▓
▓l▓
▓g▓
▓x▓
▓@▓
▓Z▓
▓Z▓
▓.▓
▓)▓
▓.▓
▓.▓
▓'▓
▓_▓


You could see 2 unseen horrors, a wyvern, a gnoll sergeant, a centaur, a
friendly quokka skeleton and a friendly jackal skeleton.

Vanquished Creatures
  A two-headed ogre (D)
  2 ogres (D)
  A centaur (D)
  A howler monkey (D)
  A giant cockroach (D)
  A jackal (D)
  A quokka (D)
  A ball python skeleton (D)
  2 bats (D)
11 creatures vanquished.

Vanquished Creatures (others)
  An ogre zombie (D)
  A howler monkey zombie (D)
2 creatures vanquished.

Grand Total: 13 creatures vanquished

Notes
Turn   | Place    | Note
-------+----------+-------------------------------------------
     0 | D        | mhtbhm the Spriggan Monk began the quest for the Orb.
     0 | D        | Reached XP level 1. HP: 11/11 MP: 2/2
    32 | D        | Reached skill level 4 in Short Blades
   181 | D        | Noticed a howler monkey
   181 | D        | Noticed a centaur
   181 | D        | Noticed an ogre
   181 | D        | Noticed an ogre
   189 | D        | Killed an ogre
   190 | D        | Reached skill level 6 in Short Blades
   190 | D        | Reached XP level 2. HP: 18/18 MP: 3/3
   190 | D        | Reached XP level 3. HP: 21/21 MP: 4/4
   190 | D        | Reached XP level 4. HP: 26/26 MP: 5/5
   197 | D        | Killed an ogre
   198 | D        | Reached skill level 5 in Fighting
   198 | D        | Reached skill level 8 in Short Blades
   198 | D        | Reached skill level 5 in Stealth
   198 | D        | Reached XP level 5. HP: 30/30 MP: 6/6
   204 | D        | Killed a centaur
   205 | D        | Reached skill level 9 in Short Blades
   223 | D        | Reached XP level 6. HP: 18/36 MP: 7/7
   231 | D        | Found a snail-covered altar of Cheibriados.
   231 | D        | Found a shadowy altar of Dithmenos.
   231 | D        | Found a white marble altar of Elyvilon.
   231 | D        | Found a blossoming altar of Fedhas.
   231 | D        | Found an opulent altar of Gozag.
   232 | D        | Found a hazy altar of Hepliaklqana.
   262 | D        | Found a viscous altar of Jiyva.
   263 | D        | Found an ancient bone altar of Kikubaaqudgha.
   264 | D        | Found a corrupted altar of Lugonu.
   265 | D        | Found a burning altar of Makhleb.
   266 | D        | Found a sparkling altar of Nemelex Xobeh.
   267 | D        | Found an iron altar of Okawaru.
   268 | D        | Found a stormy altar of Qazlal.
   269 | D        | Found a sacrificial altar of Ru.
   270 | D        | Found a shimmering blue altar of Sif Muna.
   271 | D        | Found a bloodstained altar of Trog.
   272 | D        | Found a hide-covered altar of Uskayaw.
   273 | D        | Found a radiant altar of Vehumet.
   274 | D        | Found an ornate altar of the Wu Jian Council.
   275 | D        | Found a shimmering altar of Xom.
   276 | D        | Found a basalt altar of Yredelemnul.
   277 | D        | Found a glowing silver altar of Zin.
   284 | D        | Found a glowing golden altar of the Shining One.
   292 | D        | Became a worshipper of Yredelemnul the Dark
   292 | D        | Reached * piety under Yredelemnul
   292 | D        | Reached ** piety under Yredelemnul
   550 | D        | Noticed an unseen horror
   550 | D        | Noticed a wyvern
   550 | D        | Noticed an unseen horror
   550 | D        | Noticed a two-headed ogre
   560 | D        | Killed a two-headed ogre
   561 | D        | Reached skill level 12 in Short Blades
   561 | D        | Reached skill level 1 in Evocations
   561 | D        | Reached XP level 7. HP: 12/42 MP: 7/10
   567 | D        | HP: 1/42 [gnoll sergeant (8)]
   567 | D        | Slain by a gnoll sergeant

Illustrated notes

Levels and vault maps discovered:
D:        linesprint [early_d, line_temple, items_1, d_10, items_2, lair_1,
          lair_end, items_3, orc_1, orc_end, items_4, d_15, swamp_1, shoals_1,
          snake_1, spider_1, d_20, vaults_1, items_5, swamp_end, shoals_end,
          snake_end, spider_end, vaults_end, d_27, items_6, zot_1, zot_end,
          crypt_end, forest_end, elf_end, slime_end, tomb_end, abyss_end,
          pan_hell_end]

Skill      XL: |  1  2  3  4  5  6 |
---------------+-------------------+-----
Short Blades   | 6 8 9 12 | 12.2
Fighting       | 4 5 6 7 |  7.7
Dodging        | 7 8 9 11 | 11.8
Stealth        | 4 5 7 |  7.3
Invocations    | 2 |  2.7
Evocations     | 1 |  1.1

Action                   |  1- 3 |  4- 6 |  7- 9 || total
-------------------------+-------+-------+-------++-------
Melee: Short sword       |    28 |    35 |       ||    63
       Rapier            |       |     5 |     6 ||    11
Invok: Animate Remains   |       |     4 |       ||     4
Evoke: Wand              |       |     2 |       ||     2
  Use: Potion            |     1 |       |     1 ||     2
 Stab: Sleeping          |     1 |       |       ||     1
Armor: Robe              |       |     1 |     1 ||     2
Dodge: Dodged            |    26 |    31 |     8 ||    65

Table legend: (Time is in decaauts)
 A = Elapsed time spent in this place.
 B = Non-inter-level travel time spent in this place.
 C = Inter-level travel time spent in this place.
 D = Time resting spent in this place.
 E = Time spent auto-exploring this place.
 F = Levels seen in this place.
 G = Mean time per level.
                   A        B        C        D        E       F      G
               +--------+--------+--------+--------+--------+-----+--------+
         Total |    493 |    493 |      0 |    311 |      0 |   1 |  493.0 |
       Dungeon |    493 |    493 |      0 |    311 |      0 |   1 |  493.0 |
               +--------+--------+--------+--------+--------+-----+--------+

Top non-repeatable levels by time:
       D: 493 daAuts
